 Dungeon Crawl Stone Soup version 0.30-a0-743-gbfdf073431 (webtiles) character file.

Game seed: 5038374631153387965

180784 Newt the Warrior (level 17, -3/115 HPs)
             Began as a Demonspawn Gladiator on Feb 6, 2023.
             Was the Champion of Okawaru.
             Slain by a rockslime (25 damage)
             ... on level 4 of the Pits of Slime.
             The game lasted 00:43:11 (30688 turns).

Newt the Warrior (Demonspawn Gladiator)            Turns: 30688, Time: 00:43:12

Health: -3/115     AC: 24    Str: 20    XL:     17   Next: 32%
Magic:  22/22      EV:  5    Int: 11    God:    Okawaru [******]
Gold:   418        SH: 14    Dex: 10    Spells: 16/16 levels left

rFire   + + .      SeeInvis +    b - +8 demon blade "Leech" {evervamp, Harm Drain rN+}
rCold   + + .      Faith    .    s - +4 kite shield {reflect}
rNeg    + . .      Spirit   .    l - +8 orange crystal plate armour {Archmagi, Int+3 Clar}
rPois   +          Reflect  +    (helmet unavailable)
rElec   .          Harm     +    r - scarf {rC+ rF+}
rCorr   .          Rampage  .    (no gloves)
Will    ++...      Archmagi +    W - +2 pair of boots {Stlth+} Stlth Clarity +
                                 m - amulet of regeneration
HPRegen 1.19/turn                T - ring of Wimpy {rPois rF+ rC+ Int-3 SInv}
MPRegen 0.18/turn                V - +4 ring of slaying

@: corroded
A: horns 3, slimy green scales 1, powered by death 2, spiny 3, corrupting
presence 1, berserk 1, clumsy 2, frail 2, low MP 1, strong-willed 1, screaming
1, weak 1, sturdy frame 1
}: 1/15 runes: serpentine
a: Renounce Religion, Heroism, Finesse, Duel


You were on level 4 of the Pits of Slime.
You worshipped Okawaru.
Okawaru was exalted by your worship.
You visited 6 branches of the dungeon, and saw 32 of its levels.
You also visited: Ice Cave.

You collected 3813 gold pieces.
You spent 3395 gold pieces at shops.

Inventory:

Hand Weapons
 a - a +8 flail of electrocution
 b - the +8 demon blade "Leech" (weapon) {evervamp, Harm Drain rN+}
   (You bought it in a shop on level 2 of the Orcish Mines)

   rN:        It protects you from negative energy.
   Drain:     It drains your maximum health when unequipped.
   Harm:      It increases damage dealt and taken.
 L - a +6 demon blade of electrocution
Missiles
 y - 2 silver javelins (quivered)
 D - 8 curare-tipped darts
 E - 16 boomerangs
Armour
 g - the +1 kite shield "Nuerph" {Str+5 Dex+2}
   (Okawaru gifted it to you in an ice cave)

   Str:       It affects your strength (+5).
   Dex:       It affects your dexterity (+2).
 l - the +8 orange crystal plate armour (worn) {Archmagi, Int+3 Clar}
   (Okawaru gifted it to you on level 1 of the Lair of Beasts)

   Int:       It affects your intelligence (+3).
   Clar:      It protects you against confusion.
 o - the +7 chain mail of Terror {Contam Rampage Will+}
   (You found it on level 3 of the Dungeon)

   Contam:    It causes magical contamination when unequipped.
   Rampage:   It bestows one free step when moving towards enemies.
   Will:      It increases your willpower.
 r - a scarf of resistance (worn)
 s - a +4 kite shield of reflection (worn)
 W - a +2 pair of boots of stealth (worn)
Jewellery
 h - a ring of protection from fire
 m - an amulet of regeneration (around neck)
 B - a ring of willpower
 C - the ring "Udint" {rC+ Str+6 Dex+2 Stlth+}
   (You found it on level 2 of the Snake Pit)

   [ring of strength]

   Str:       It affects your strength (+6).
   Dex:       It affects your dexterity (+2).
   rC:        It protects you from cold.
   Stlth:     It makes you more stealthy.
 F - a ring of ice
 G - the ring "Ihacastu" {rN+ Str+4 Dex+4}
   (You found it in an ice cave)

   [ring of positive energy]

   Str:       It affects your strength (+4).
   Dex:       It affects your dexterity (+4).
   rN:        It protects you from negative energy.
 T - the ring of Wimpy (left hand) {rPois rF+ rC+ Int-3 SInv}
   (You bought it in a shop on level 1 of the Orcish Mines)

   [ring of see invisible]

   Int:       It affects your intelligence (-3).
   rF:        It protects you from fire.
   rC:        It protects you from cold.
   rPois:     It protects you from poison.
   SInv:      It lets you see invisible.
 V - a +4 ring of slaying (right hand)
Wands
 d - a wand of digging (13)
 p - a wand of flame (11)
 J - a wand of mindburst (14)
 M - a wand of polymorph (9)
 U - a wand of roots (10)
 Y - a wand of light (12)
Scrolls
 c - 2 scrolls of fear
 w - a scroll of silence
 x - a scroll of brand weapon
 H - 6 scrolls of teleportation
 I - 7 scrolls of enchant weapon
 K - a scroll of fog
 P - 6 scrolls of amnesia
 Q - 6 scrolls of identify
 S - 2 scrolls of blinking
 Z - 2 scrolls of magic mapping
Potions
 f - 14 potions of might
 i - 6 potions of flight
 j - a potion of berserk rage
 k - 12 potions of curing
 n - 8 potions of haste
 q - a potion of cancellation
 t - 2 potions of brilliance
 u - 2 potions of mutation
 v - 6 potions of heal wounds
 z - a potion of invisibility
 A - 3 potions of lignification
 O - 6 potions of resistance


   Skills:
 - Level 16.0 Fighting
 - Level 2.8(10.2) Short Blades
 + Level 15.0(15.1) Long Blades
 - Level 13.0 Maces & Flails
 - Level 1.7 Throwing
 - Level 14.0 Armour
 - Level 2.6 Dodging
 - Level 1.5 Stealth
 - Level 10.0 Shields
 - Level 11.0 Invocations


You had 16 spell levels left.
You didn't know any spells.
Your spell library contained the following spells:

 Spells                   Type           Power      Damage    Failure   Level
 Apportation              Tloc           0%         N/A       100%        1
 Magic Dart               Conj           0%         1d3       100%        1
 Sting                    Tmut/Pois      0%         1d3       100%        1
 Cigotuvi's Dreadful Rot  Necr/Pois/Air  0%         N/A       100%        2
 Ensorcelled Hibernation  Hex/Ice        0%         N/A       100%        2
 Passwall                 Tmut/Erth      0%         N/A       100%        2
 Poisonous Vapours        Pois/Air       0%         N/A       100%        2
 Searing Ray              Conj           0%         2d4       100%        2
 Static Discharge         Conj/Air       0%         2-2/arc   100%        2
 Dazzling Flash           Conj/Hex       0%         N/A       100%        3
 Ignite Poison            Fire/Tmut/Pois 0%         N/A       100%        3
 Inner Flame              Hex/Fire       0%         N/A       100%        3
 Ozocubu's Armour         Ice            0%         N/A       100%        3
 Portal Projectile        Hex/Tloc       0%         N/A       100%        3
 Spider Form              Tmut/Pois      0%         N/A       100%        3
 Vhi's Electric Charge    Tloc/Air       0%         N/A       100%        3
 Anguish                  Hex/Necr       0%         N/A       100%        4
 Cause Fear               Hex            0%         N/A       100%        4
 Dispel Undead            Necr           0%         3d6       100%        4
 Fulminant Prism          Conj/Hex       0%         3d5       100%        4
 Olgreb's Toxic Radiance  Pois           0%         N/A       100%        4
 Petrify                  Tmut/Erth      0%         N/A       100%        4
 Sticky Flame             Conj/Fire      0%         2d3       100%        4
 Agony                    Necr           0%         N/A       100%        5
 Alistair's Intoxication  Tmut/Pois      0%         N/A       100%        5
 Arcjolt                  Conj/Air       0%         1d10      100%        5
 Blade Hands              Tmut           0%         N/A       100%        5
 Lightning Bolt           Conj/Air       0%         1d11      100%        5
 Metabolic Englaciation   Hex/Ice        0%         N/A       100%        5
 Silence                  Hex/Air        0%         N/A       100%        5
 Yara's Violent Unravell  Hex/Tmut       0%         3d3       100%        5
 Iron Shot                Conj/Erth      0%         9d1       100%        6
 Statue Form              Tmut/Erth      0%         N/A       100%        6
 Orb of Destruction       Conj           0%         9d5       100%        7
 Ozocubu's Refrigeration  Ice            0%         4d7       100%        7
 Discord                  Hex            0%         N/A       100%        8
 Ignition                 Fire           0%         3d3       100%        8
 Summon Guardian Golem    Hex/Summ       Unusable   N/A       N/A         3
 Tukima's Dance           Hex            Unusable   N/A       N/A         3
 Animate Armour           Summ/Erth      Unusable   N/A       N/A         4
 Death Channel            Necr           Unusable   N/A       N/A         6
 Spellforged Servitor     Conj/Summ      Unusable   N/A       N/A         7

Dungeon Overview and Level Annotations

Branches:
Dungeon (15/15)            Temple (1/1) D:5            Lair (5/5) D:11
 Shoals (0/4) Lair:2        Snake (4/4) Lair:2        Slime (5/5) Lair:4
    Orc (2/2) D:9             Elf (0/3) Orc:2        Vaults (0/5) D:13
 Depths (0/4) D:15          IceCv (visited)

Altars:
Ashenzari
Cheibriados
Dithmenos
Fedhas
Gozag
Hepliaklqana
Kikubaaqudgha
Makhleb
Nemelex Xobeh
Okawaru
Qazlal
Ru
Sif Muna
Trog
Vehumet
Wu Jian
Xom
Yredelemnul
Jiyva

Shops:
D:1 !   D:2 *   D:5 ?   D:10 *   Orc:1 =   Orc:2 (!=*(   Snake:1 ([*
Snake:3 (

Portals:
Hell: Lair:5

Annotations:
D:11 3 runed translucent doors


Innate Abilities, Weirdness & Mutations

You have a pair of large horns on your head.
You are partially covered in slimy green scales. (AC +2)
You regenerate health from kills.
You are completely covered in sharp spines.
Your presence sometimes corrodes those you injure.
You sometimes lose your temper in combat.
You are very clumsy. (Dex -4)
You are very frail. (-20% HP)
Your magical capacity is low. (-10% MP)
You are strong-willed. (Will+)
You occasionally shout uncontrollably at your foes.
You are weak. (Str -2)
Your movements are slightly less encumbered by armour. (ER -2)


Message History

The splash of acid hits you but does no damage.
The golden eye blinks at you.
You feel momentarily confused.
You feel much better.
The rockslime is no longer covered in acid.
The rockslime hits you!
* * * LOW HITPOINT WARNING * * *
You stumble backwards!
The golden eye blinks at you. You resist with almost no effort.
Okay, then.
The golden eye blinks!
The acid blob jiggles.
The rockslime hits you but does no damage.
The acid blob spits acid at you. The splash of acid hits you.
* * * LOW HITPOINT WARNING * * *
The acid corrodes you!
Blink to where?
Press: ? - help, Dir - move target
As you read the scroll of blinking, it crumbles to dust.
The golden eye blinks at you.
You easily resist.
The rockslime is struck by your spines.
The rockslime hits you but does no damage.
You climb upwards.
There is a stone staircase leading down here.
You completely miss the rockslime.
The rockslime is moderately wounded.
The rockslime hits you!
* * * LOW HITPOINT WARNING * * *
You stumble backwards!
Throw: throwing net
Press: ? - help, Shift-Dir - straight line, f - rockslime
Aim: a rockslime (moderately wounded, 91% to hit, immune to nets)
You throw a throwing net. The throwing net hits the rockslime.
The rockslime is too large for the net to hold!
The rockslime is moderately wounded.
The rockslime is struck by your spines. The rockslime hits you!!
You die...

....# ......#
#....###......##
#....##.#......#
##............#
#.............# ##
###...........### #.##
###............#..##...#
##........J............#
#.........@...........#
#....................##
#..............#..<...#
##......#......#.....##
#........#.##.##...###
##........#######...#
#.....#.## ##.##
#.......## ### #......##


You could see a rockslime.

Vanquished Creatures
  Jorgrun (D:13)
  2 acid blobs
  The ghost of Odowim the Spry, an adept DsSu of Gozag (Snake:2)
  Roxanne (D:14)
  4 azure jellies
  2 rockslimes
  6 nagarajas
  2 quicksilver oozes (IceCv)
  Nessos (Orc:2)
  The ghost of ryw the Cleaver, a journeyman HOBe of Trog (D:12)
  An ettin (D:15)
  2 great orbs of eyes
  A rakshasa (D:14)
  An ogre mage (D:15)
  6 salamander tyrants
  6 hydras
  6 boulder beetles
  A centaur warrior (D:14)
  8 two-headed ogres
  A death yak (Lair:5)
  7 naga warriors
  11 anacondas
  15 naga sharpshooters
  2 tengu warriors (D:14)
  5 shock serpents
  A sixfirhy (Lair:5)
  3 salamander mystics
  2 deep trolls (D:15)
  5 sea snakes (Snake:2)
  2 naga ritualists (Snake:1)
  An orange crystal statue (Arena)
  A necromancer (D:15)
  A lindwurm (Lair:3)
  8 orc knights (Orc:2)
  2 wizards
  5 mana vipers
  A deep elf pyromancer (D:14)
  2 shining eyes (Slime:3)
  4 cyclopes
  12 ugly things
  14 salamanders
  2 ice statues (IceCv)
  A guardian serpent (shapeshifter) (D:13)
  22 elephants
  15 naga magi
  A smoke demon (Lair:5)
  30 black mambas
  A gargoyle (D:12)
  An orange demon (Lair:5)
  An unseen horror (D:12)
  A water nymph (shapeshifter) (D:13)
  6 cane toads
  The ghost of pigah the Trooper, a novice OpWn (D:5)
  8 rime drakes
  10 komodo dragons
  An efreet (D:15)
  3 yaktaurs (D:13)
  Psyche (D:10)
  An ice devil (Lair:5)
  4 red devils (Lair:5)
  3 meliai (D:14)
  A polar bear (Lair:3)
  A polar bear (shapeshifter) (D:15)
  13 blink frogs
  2 trolls
  A snapping turtle (Lair:2)
  A shapeshifter (D:14)
  A centaur simulacrum (D:15)
  64 slime creatures
  4 wyverns
  A water elemental (D:15)
  58 yaks
  A human (shapeshifter) (D:15)
  A fire bat (shapeshifter) (D:13)
  A wraith (D:12)
  A golden eye (Slime:4)
  A basilisk (shapeshifter) (D:14)
  7 basilisks
  A steam dragon (Lair:3)
  4 vampire mosquitoes (D:14)
  9 wargs (Orc:2)
  Edmund (D:4)
  2 acid dragons
  4 hell hounds (Lair:5)
  38 nagas
  18 water moccasins
  Duvessa (D:5)
  4 black bears
  36 orc warriors
  3 ice beasts
  9 ogres
  A great orb of eyes simulacrum (IceCv)
  24 wolves
  3 boggarts (D:14)
  5 centaurs
  5 slime creature simulacra (IceCv)
  2 kobold brigands
  3 phantoms
  8 bullfrogs
  4 glowing shapeshifter simulacra (IceCv)
  5 gnoll sergeants
  A scorpion (D:5)
  A two-headed ogre simulacrum (D:11)
  3 wights (D:8)
  Dowan (D:5)
  5 killer bees (D:9)
  5 howler monkeys
  8 electric eels
  A hound (D:6)
  11 orc priests
  3 jellies
  2 gnoll boudas
  3 iguanas
  12 orc wizards
  A troll simulacrum (D:11)
  3 shapeshifter simulacra (IceCv)
  31 gnolls
  A naga simulacrum (D:11)
  9 adders
  A shadow imp (D:6)
  3 white imps
  An ufetubus (D:6)
  A worm (D:5)
  76 orcs
  2 endoplasms
  5 giant cockroaches
  4 goblins
  7 hobgoblins
  12 jackals
  4 quokkas
  9 ball pythons
  6 bats
  7 frilled lizards
  15 kobolds
  3 rats
877 creatures vanquished.

Vanquished Creatures (others)
  A naga (Snake:3)
  A boggart (D:14)
  An orc priest (D:8)
  An orc wizard (D:5)
  13 fungi
  45 plants
62 creatures vanquished.

Grand Total: 939 creatures vanquished

Notes
Turn   | Place    | Note
-------+----------+-------------------------------------------
     0 | D:1      | Newt the Demonspawn Gladiator began the quest for the Orb.
     0 | D:1      | Reached XP level 1. HP: 16/16 MP: 1/1
    24 | D:1      | Reached skill level 1 in Stealth
    25 | D:1      | Found Etaos's Distillery.
    73 | D:1      | Gained mutation: You are partially covered in slimy green
                  | scales. (AC +2) [demonic ancestry]
    73 | D:1      | Reached XP level 2. HP: 10/22 MP: 2/2
   606 | D:1      | Bought a potion of heal wounds for 55 gold pieces
   625 | D:2      | Reached skill level 3 in Fighting
   650 | D:2      | Gained mutation: You have a pair of small horns on your
                  | head. [demonic ancestry]
   650 | D:2      | Reached XP level 3. HP: 29/29 MP: 3/3
   786 | D:2      | Identified the +0 barding "Avah" {-Tele Int+8 Stlth+}
  1231 | D:2      | Found Igytig's General Store.
  1237 | D:2      | Bought a scroll of identify for 22 gold pieces
  1238 | D:2      | Identified a scroll of acquirement
  1238 | D:2      | Acquired 697 gold pieces
  1391 | D:2      | Gained mutation: You regenerate a little health from kills.
                  | [demonic ancestry]
  1391 | D:2      | Reached XP level 4. HP: 29/37 MP: 4/4
  1430 | D:2      | Reached skill level 4 in Fighting
  2207 | D:3      | Identified the +7 chain mail of Terror {Contam Rampage
                  | Will+}
  2421 | D:3      | HP: 1/38 [orc priest/nerve-wracking pain (13)]
  2426 | D:3      | Reached skill level 5 in Fighting
  2426 | D:3      | Reached XP level 5. HP: 33/44 MP: 5/5
  2623 | D:3      | Found a radiant altar of Vehumet.
  2688 | D:3      | Found a faded altar of an unknown god.
  2746 | D:4      | Noticed a black bear
  2756 | D:4      | Killed a black bear
  3154 | D:4      | Noticed Edmund
  3155 | D:4      | Gained mutation: You are partially covered in sharp spines.
                  | [demonic ancestry]
  3155 | D:4      | Reached XP level 6. HP: 51/51 MP: 6/6
  3168 | D:4      | Killed Edmund
  3340 | D:5      | Entered Level 5 of the Dungeon
  3427 | D:5      | Reached XP level 7. HP: 38/56 MP: 7/7
  3549 | D:5      | Reached skill level 5 in Maces & Flails
  3549 | D:5      | Reached skill level 1 in Armour
  3648 | D:5      | Found a runed translucent door.
  3758 | D:5      | Found Huumoow's Magic Scroll Emporium.
  3766 | D:5      | Noticed pigah's ghost (novice OpWn)
  3768 | D:5      | Bought a scroll of acquirement for 728 gold pieces
  3768 | D:5      | Bought a scroll of identify for 28 gold pieces
  3769 | D:5      | Acquired a manual of Fighting
  3989 | D:5      | Found a shimmering blue altar of Sif Muna.
  4128 | D:5      | Found a staircase to the Ecumenical Temple.
  4134 | Temple   | Entered the Ecumenical Temple
  4472 | Temple   | Became a worshipper of Warmaster Okawaru
  4657 | D:6      | Noticed Duvessa
  4661 | D:6      | Noticed Dowan
  4664 | D:6      | Reached skill level 6 in Fighting
  4664 | D:6      | Reached XP level 8. HP: 34/64 MP: 8/8
  4671 | D:5      | Killed Dowan
  4672 | D:5      | Killed Duvessa
  4673 | D:5      | Reached skill level 7 in Fighting
  4879 | D:6      | Reached * piety under Okawaru
  4880 | D:6      | Reached skill level 8 in Fighting
  4977 | D:6      | Found a sacrificial altar of Ru.
  5087 | D:6      | Reached skill level 9 in Fighting
  5205 | D:6      | Found a shadowy altar of Dithmenos.
  5205 | D:6      | Found a hazy altar of Hepliaklqana.
  5296 | D:6      | Found a broken altar of Ashenzari.
  5333 | D:6      | Found an opulent altar of Gozag.
  5601 | D:7      | Reached skill level 10 in Fighting
  5610 | D:7      | Reached skill level 11 in Fighting
  5782 | D:7      | Gained mutation: You have a pair of horns on your head.
                  | [demonic ancestry]
  5782 | D:7      | Reached XP level 9. HP: 80/82 MP: 9/9
  5832 | D:7      | Reached ** piety under Okawaru
  5835 | D:7      | Reached skill level 12 in Fighting
  6119 | D:7      | Reached skill level 13 in Fighting
  6436 | D:8      | Reached *** piety under Okawaru
  6437 | D:8      | Reached skill level 14 in Fighting
  6437 | D:8      | Reached skill level 1 in Invocations
  6962 | D:8      | Reached skill level 5 in Invocations
  7516 | D:9      | Found a staircase to the Orcish Mines.
  7616 | D:9      | Reached XP level 10. HP: 55/94 MP: 13/13
  7895 | D:9      | Reached **** piety under Okawaru
  8135 | D:9      | Noticed a two-headed ogre
  8148 | D:10     | Entered Level 10 of the Dungeon
  8349 | D:9      | Killed a two-headed ogre
  8484 | D:9      | Found a stormy altar of Qazlal.
  8996 | D:9      | Reached ***** piety under Okawaru
  9404 | D:9      | Reached skill level 10 in Maces & Flails
  9968 | D:5      | Bought a scroll of enchant weapon for 105 gold pieces
  9984 | D:5      | Killed pigah's ghost
 10209 | D:10     | Found an ornate altar of the Wu Jian Council.
 10265 | D:10     | Reached XP level 11. HP: 82/100 MP: 16/16
 10364 | D:10     | Found Guwuo's Assorted Antiques.
 10372 | D:10     | Bought a potion of heal wounds for 135 gold pieces
 10372 | D:10     | Bought a green potion for 24 gold pieces
 10372 | D:10     | Bought 2 inky potions for 48 gold pieces
 10377 | D:10     | Noticed a two-headed ogre
 10385 | D:10     | Killed a two-headed ogre
 10392 | D:10     | Reached skill level 5 in Armour
 10656 | D:10     | Reached ****** piety under Okawaru
 10672 | D:10     | Received a gift from Okawaru
 11091 | D:10     | Noticed Psyche
 11095 | D:10     | Killed Psyche
 11579 | D:11     | Found a frozen archway.
 11593 | IceCv    | Entered an ice cave
 11818 | IceCv    | Received a gift from Okawaru
 12734 | IceCv    | Noticed a quicksilver ooze
 12743 | IceCv    | Killed a quicksilver ooze
 12743 | IceCv    | Identified the +1 kite shield "Nuerph" {Str+5 Dex+2}
                  | (Okawaru gifted it to you in an ice cave)
 12743 | IceCv    | Received a gift from Okawaru
 12845 | IceCv    | Gained mutation: You have a pair of large horns on your
                  | head. [demonic ancestry]
 12845 | IceCv    | Reached XP level 12. HP: 76/107 MP: 15/18
 13047 | IceCv    | Found a viscous altar of Jiyva.
 13047 | IceCv    | Noticed an azure jelly
 13055 | IceCv    | Killed an azure jelly
 13056 | IceCv    | Noticed a quicksilver ooze
 13061 | IceCv    | Killed a quicksilver ooze
 13074 | IceCv    | Identified the ring "Ihacastu" {rN+ Str+4 Dex+4}
 13742 | D:11     | Found a runed translucent door.
 13764 | D:11     | Found a runed translucent door.
 13833 | D:11     | Found a staircase to the Lair.
 13982 | D:11     | Noticed a two-headed ogre
 13988 | D:11     | Killed a two-headed ogre
 13989 | D:11     | Reached skill level 1 in Shields
 14180 | D:11     | Found a runed translucent door.
 14202 | D:11     | Found a runed translucent door.
 14220 | D:11     | Noticed a two-headed ogre
 14225 | D:11     | Killed a two-headed ogre
 14813 | Arena    | Entered the Arena
 14938 | Lair:1   | Entered Level 1 of the Lair of Beasts
 14940 | Lair:1   | You fall into a shaft and drop 1 floor!
 14980 | Lair:2   | Found a staircase to the Snake Pit.
 15201 | Lair:2   | Reached skill level 5 in Shields
 15344 | Lair:2   | Gained mutation: You occasionally shout uncontrollably at
                  | your foes. [potion of mutation]
 15344 | Lair:2   | Gained mutation: You possess an exceptional clarity of
                  | mind. [potion of mutation]
 15344 | Lair:2   | Gained mutation: You have sharp toenails. [potion of
                  | mutation]
 15345 | Lair:2   | Lost mutation: You possess an exceptional clarity of mind.
                  | [potion of mutation]
 15345 | Lair:2   | Lost mutation: You occasionally shout uncontrollably at
                  | your foes. [potion of mutation]
 15345 | Lair:2   | Lost mutation: You have sharp toenails. [potion of
                  | mutation]
 15345 | Lair:2   | Gained mutation: You are strong-willed. (Will+) [potion of
                  | mutation]
 15345 | Lair:2   | Gained mutation: You are weak. (Str -2) [potion of
                  | mutation]
 15345 | Lair:2   | Gained mutation: Your movements are slightly less
                  | encumbered by armour. (ER -2) [potion of mutation]
 15413 | Lair:2   | Noticed a boulder beetle
 15422 | Lair:2   | Killed a boulder beetle
 15499 | Lair:2   | Received a gift from Okawaru
 15614 | Lair:2   | Reached XP level 13. HP: 86/113 MP: 19/19
 16101 | Lair:2   | Found a staircase to the Shoals.
 17522 | Lair:4   | Reached skill level 10 in Shields
 17630 | Lair:4   | Found a staircase to the Slime Pits.
 17860 | Lair:5   | Entered Level 5 of the Lair of Beasts
 17919 | Lair:5   | Identified the +0 buckler "Jatockai" {Str+4 Dex+3} (Okawaru
                  | gifted it to you on level 5 of the Lair of Beasts)
 17919 | Lair:5   | Received a gift from Okawaru
 18114 | Lair:5   | Found a blossoming altar of Fedhas.
 18334 | Lair:5   | Reached skill level 10 in Armour
 18613 | Lair:5   | Found a burning altar of Makhleb.
 19057 | Lair:5   | Gained mutation: You are mostly covered in sharp spines.
                  | [demonic ancestry]
 19057 | Lair:5   | Reached XP level 14. HP: 64/120 MP: 20/20
 19625 | Lair:5   | Found a gateway to Hell.
 19625 | Lair:5   | Found the +3 pair of gauntlets of War {Slay+5}
 19836 | Lair:1   | Received a gift from Okawaru
 19836 | Lair:1   | Found the +8 orange crystal plate armour {Archmagi, Int+3
                  | Clar}
 19884 | Lair:1   | Gained mutation: Your magical capacity is low. (-10% MP)
                  | [mutagenic glow]
 20687 | Orc:1    | Entered Level 1 of the Orcish Mines
 20836 | Orc:2    | Entered Level 2 of the Orcish Mines
 20902 | Orc:2    | Found Sineppun's Weapon Boutique.
 21263 | Orc:2    | Found Bour's Antique Weapon Boutique.
 21325 | Orc:2    | Noticed Nessos
 21343 | Orc:2    | Killed Nessos
 21434 | Orc:2    | Found a staircase to the Elven Halls.
 21488 | Orc:2    | Found Noschacaw's Distillery.
 21507 | Orc:2    | Bought a potion of heal wounds for 75 gold pieces
 21507 | Orc:2    | Bought 2 potions of heal wounds for 150 gold pieces
 21552 | Orc:2    | Found Baruuja's Jewellery Boutique.
 21609 | Orc:2    | Found Horaicw's General Store.
 21658 | Orc:2    | Bought the +8 demon blade "Leech" {evervamp, Harm Drain
                  | rN+} for 1449 gold pieces
 21658 | Orc:2    | Found the +8 demon blade "Leech" {evervamp, Harm Drain rN+}
 22078 | Orc:1    | Found Togeh's Jewellery Emporium.
 22081 | Orc:1    | Reached skill level 1 in Long Blades
 22354 | D:12     | Found a runed translucent gate.
 22354 | D:12     | Found a runed translucent gate.
 22354 | D:12     | Found a runed translucent gate.
 22356 | D:12     | Noticed ryw's ghost (journeyman HOBe)
 22458 | D:12     | Found a stormy altar of Qazlal.
 22821 | D:12     | Killed ryw's ghost
 23182 | D:13     | Found a gate to the Vaults.
 23189 | D:13     | Identified the +3 chain mail of Carved Life {Str+3 SInv}
                  | (Okawaru gifted it to you on level 13 of the Dungeon)
 23189 | D:13     | Received a gift from Okawaru
 23342 | D:13     | Reached skill level 5 in Long Blades
 23407 | D:13     | Noticed Jorgrun
 23416 | D:13     | Killed Jorgrun
 23579 | D:13     | Gained mutation: Your presence sometimes corrodes those you
                  | injure. [demonic ancestry]
 23579 | D:13     | Reached XP level 15. HP: 106/125 MP: 18/18
 23946 | D:14     | Identified Roxanne's Catalogue of Variation
 23946 | D:14     | Noticed Roxanne
 24832 | D:14     | Killed Roxanne
 24898 | D:15     | Entered Level 15 of the Dungeon
 25402 | D:15     | Received a gift from Okawaru
 25444 | D:15     | Found a staircase to the Depths.
 25512 | D:15     | Reached skill level 10 in Long Blades
 26037 | Snake:1  | Entered Level 1 of the Snake Pit
 26184 | Orc:1    | Bought the ring of Wimpy {rPois rF+ rC+ Int-3 SInv} for 576
                  | gold pieces
 26452 | Snake:1  | Found Soqeopovam's Antique Armour Shop.
 26522 | Snake:1  | Found Gicodezumn's Assorted Antiques.
 26682 | Snake:1  | Received a gift from Okawaru
 26957 | Snake:1  | Found Dorubuuc's Antique Weapon Shop.
 27494 | Snake:2  | Found a runed translucent gate.
 27494 | Snake:2  | Found a runed translucent gate.
 27494 | Snake:2  | Found a runed translucent gate.
 27495 | Snake:2  | Noticed Odowim's ghost (adept DsSu)
 27526 | Snake:2  | Killed Odowim's ghost
 27532 | Snake:2  | Identified the ring "Udint" {rC+ Str+6 Dex+2 Stlth+}
 27576 | Snake:2  | Gained mutation: You are completely covered in sharp
                  | spines. [demonic ancestry]
 27576 | Snake:2  | Reached XP level 16. HP: 130/133 MP: 17/20
 27588 | Snake:2  | Reached skill level 10 in Invocations
 27779 | Snake:2  | Identified the +1 sling of a bazaar {flame, Drain Will+
                  | Str+3 Int+5}
 27834 | Snake:2  | Received a gift from Okawaru
 28269 | Snake:3  | Reached skill level 15 in Fighting
 28271 | Snake:3  | Found Wetasto's Weapon Boutique.
 28486 | Snake:3  | Received a gift from Okawaru
 28848 | Snake:4  | Entered Level 4 of the Snake Pit
 28872 | Snake:4  | Reached skill level 16 in Fighting
 29201 | Snake:4  | Received a gift from Okawaru
 29546 | Snake:4  | Got a serpentine rune of Zot
 29592 | Snake:4  | Gained mutation: You regenerate health from kills. [demonic
                  | ancestry]
 29592 | Snake:4  | Reached XP level 17. HP: 67/144 MP: 22/22
 29599 | Snake:4  | Received a gift from Okawaru
 30040 | Slime:1  | Entered Level 1 of the Pits of Slime
 30137 | Slime:2  | Found a viscous altar of Jiyva.
 30146 | Slime:2  | Noticed an acid blob
 30157 | Slime:2  | Killed an acid blob
 30370 | Slime:3  | Noticed an acid blob
 30377 | Slime:3  | Killed an acid blob
 30509 | Slime:3  | Gained mutation: You are frail. (-10% HP) [a shining eye]
 30522 | Slime:3  | Gained mutation: You are clumsy. (Dex -2) [a shining eye]
 30523 | Slime:3  | Gained mutation: You sometimes lose your temper in combat.
                  | [a shining eye]
 30529 | Slime:3  | Gained mutation: You are very clumsy. (Dex -4) [a shining
                  | eye]
 30531 | Slime:3  | Gained mutation: You occasionally shout uncontrollably at
                  | your foes. [a shining eye]
 30532 | Slime:3  | Gained mutation: You are very frail. (-20% HP) [a shining
                  | eye]
 30597 | Slime:5  | Entered Level 5 of the Pits of Slime
 30607 | Slime:5  | Reached skill level 15 in Long Blades
 30630 | Slime:5  | Noticed an acid blob
 30688 | Slime:4  | Slain by a rockslime

Illustrated notes

Levels and vault maps discovered:
D:1:      wander_arrival_fairy_ring, layout_rooms, serial_shops, shop,
          amcnicky_mini_pool_small
D:2:      layout_loops_ring, serial_shops, nicolae_shop_statue_plus
D:3:      layout_basic, lemuel_coloured_pillars_altar,
          shapermc_ecumenical_altar_mp_vishouse
D:4:      layout_rooms, uniq_edmund
D:5:      layout_gridville, led_sif_book, minmay_temple_entry_hall,
          serial_shops, shop, ebering_ghost_sewer_d
D:6:      layout_basic, riverfiend_overflow_shadow_ancestor,
          nicolae_overflow_hidden_temple, uniq_duvessa
D:7:      layout_basic
D:8:      layout_basic
D:9:      argonaut_augean_stables, layout_cave_pods,
          mainiacjoe_overflow_alcove_2, orc_0_dummy, minmay_misc_feat_rows,
          minivault_27
D:10:     layout_stronghold, amcnicky_altar_gilded, serial_shops, shop,
          kennysheep_generic_room_9, uniq_psyche
D:11:     layout_grid_maze, dpeg_oklobed_lair,
          portal_ice_cave_entry_ice_simulacra, minmay_statue_crystal_thing
D:12:     layout_roguey, gammafunk_ghost_hydra_chop, kennysheep_cross_room,
          nicolae_qazlal_scattered_showers
D:13:     layout_loops_ring, david_vaults_2, uniq_jorgrun
D:14:     layout_roguey, chequers_serial_rivers_micro_c, uniq_roxanne
D:15:     hangedman_depths_entry_civil_slaughter, layout_grid_maze,
          minivault_27, serial_bayou_ford_a
Temple:   minmay_temple_forest_path
Lair:1:   layout_regular_city
Lair:2:   layout_roguey, minmay_shoals_entry_hut, guppyfry_snake_entry_garden,
          chequers_serial_rivers_small_b, serial_bayou_lake_a
Lair:3:   layout_misc_corridors
Lair:4:   layout_loops_ring, dpeg_slime_entry_enclosed, serial_bayou_pond_c,
          grunt_megastairs_1
Lair:5:   evil_forest, layout_gridlike, basic_altar, serial_bayou_shore_a,
          serial_bayou_shore_b, infiniplex_staircase_pool_2
Snake:1:  layout_misc_corridors, serial_shops, shop,
          nicolae_shop_advertising_works [nicolae_subvault_shop_adworks], shop
Snake:2:  layout_rooms, ebering_ghost_rock_garden, minmay_snake_pond,
          grunt_megastairs_2
Snake:3:  layout_basic, serial_shops, nicolae_shop_bloodbath_and_beyond,
          nicolae_snake_snakes_in_the_grass
Snake:4:  minmay_snake_end_coiled, layout_onion, serial_bayou_shore_b
Slime:1:  layout_caves
Slime:2:  layout_caves, basic_altar
Slime:3:  layout_caves
Slime:4:  layout_caves
Slime:5
Orc:1:    layout_caves, serial_shops, nicolae_diamond_shop, mines2_lemuel
Orc:2:    st_orc_town, layout_diamond_mine, serial_shops, shop,
          nicolae_orc_stony_grotto, david_defended_altar_orc, uniq_nessos

Skill      XL: |  1  2  3  4  5  6  7  8  9 10 11 12 13 14 15 16 17 |
---------------+----------------------------------------------------+-----
Stealth        | 1 |  1.5
Fighting       | 3 5 6 11 14 16 | 16.0
Maces & Flails | 2 4 5 6 10 11 13 | 13.0
Armour         | 4 8 11 14 | 14.0
Invocations    | 5 7 8 9 11 | 11.0
Shields        | 7 10 | 10.0
Long Blades    | 6 11 13 15 | 15.0
Short Blades   | |  2.8
Throwing       | |  1.7
Dodging        | |  2.6

Action                     |  1- 3 |  4- 6 |  7- 9 | 10-12 | 13-15 | 16-18 || total
---------------------------+-------+-------+-------+-------+-------+-------++-------
  Melee: Rapier            |   119 |    46 |       |       |       |       ||   165
         Punch             |     1 |     2 |       |     8 |       |       ||    11
         Headbutt          |     6 |    19 |    64 |   129 |   309 |   161 ||   688
         Flail             |       |    27 |       |   436 |   673 |       ||  1136
         Dire flail        |       |    14 |   296 |    48 |       |       ||   358
         Demon blade       |       |       |       |       |   408 |   545 ||   953
  Throw: Javelin           |     3 |       |     4 |       |     1 |       ||     8
         Throwing net      |     3 |     3 |     3 |       |       |     1 ||    10
         Dart              |       |     2 |     6 |     2 |       |       ||    10
 Invoke: Heroism           |       |       |       |     3 |     8 |     5 ||    16
         Finesse           |       |       |       |     2 |     2 |       ||     4
         Duel              |       |       |       |     1 |       |       ||     1
    Use: Scroll            |     7 |     2 |     4 |    13 |    11 |     2 ||    39
         Potion            |     2 |     1 |     1 |     4 |     6 |     1 ||    15
   Stab: Sleeping          |     3 |     1 |       |       |       |       ||     4
         Held in net/web   |       |     1 |       |       |       |       ||     1
 Armour: Leather armour    |    57 |    10 |       |       |       |       ||    67
         Chain mail        |       |    51 |   262 |   153 |   190 |       ||   656
         Ring mail         |       |       |       |    54 |       |       ||    54
         Crystal plate arm |       |       |       |       |   481 |   357 ||   838
  Dodge: Dodged            |   105 |    38 |   110 |   164 |   296 |    92 ||   805
  Block: Kite shield       |       |       |       |    82 |   831 |   448 ||  1361
         Reflection        |       |       |       |       |     7 |    67 ||    74

Table legend: (Time is in decaauts)
 A = Elapsed time spent in this place.
 B = Non-inter-level travel time spent in this place.
 C = Inter-level travel time spent in this place.
 D = Time resting spent in this place.
 E = Time spent auto-exploring this place.
 F = Levels seen in this place.
 G = Mean time per level.
                   A        B        C        D        E       F      G
               +--------+--------+--------+--------+--------+-----+--------+
         Total |  30523 |  28657 |   1866 |   6214 |  17475 |  34 |  897.7 |
       Dungeon |  16330 |  15253 |   1077 |   3132 |   9772 |  15 | 1088.7 |
        Temple |    375 |    309 |     66 |      0 |    297 |   1 |  375.0 |
          Lair |   5865 |   5533 |    332 |    656 |   4033 |   5 | 1173.0 |
     Snake Pit |   3590 |   3362 |    228 |    560 |   1938 |   4 |  897.5 |
    Slime Pits |    607 |    592 |     15 |    246 |     75 |   5 |  121.4 |
  Orcish Mines |   1633 |   1487 |    146 |     44 |   1163 |   2 |  816.5 |
      Ice Cave |   2108 |   2108 |      0 |   1576 |    196 |   1 | 2108.0 |
         Arena |     11 |     11 |      0 |      0 |      0 |   1 |   11.0 |
               +--------+--------+--------+--------+--------+-----+--------+

Top non-repeatable levels by time:
     D:9: 2249 daAuts
   IceCv: 2108 daAuts
  Lair:5: 1890 daAuts
    D:10: 1640 daAuts
  Lair:2: 1614 daAuts
    D:11: 1347 daAuts
     D:8: 1301 daAuts
     D:2: 1265 daAuts
     D:5: 1212 daAuts
   Orc:2: 1175 daAuts
 Snake:1: 1126 daAuts
    D:15: 1028 daAuts
 Snake:4: 951 daAuts
    D:13: 940 daAuts
     D:3: 867 daAuts
